 Dungeon Crawl Stone Soup version 0.29.0-4-gdea44cf6ec (webtiles) character file.

Game seed: 12509216480187516277

13210 qw the Blocker (level 11, 0/101 HPs)
             Began as a Troll Cinder Acolyte on Sept 2, 2022.
             Was a Follower of Okawaru.
             Slain by a skeletal warrior
             ... wielding a +0 dire flail
              (26 damage)
             ... on level 11 of the Dungeon.
             The game lasted 00:07:39 (9698 turns).

qw the Blocker (Troll Cinder Acolyte)               Turns: 9698, Time: 00:07:40

Health: 0/101      AC: 11    Str: 28    XL:     11   Next: 72%
Magic:  9/11       EV: 10    Int: 10    God:    Okawaru [*.....]
Gold:   368        SH: 19    Dex: 11    Spells: 12/12 levels left

rFire   . . .      SeeInvis .     - Unarmed
rCold   + . .      Faith    .   q - +0 tower shield
rNeg    . . .      Spirit   .   t - +0 acid dragon scales
rPois   +          Reflect  .   v - +2 hat
rElec   .          Harm     .   r - scarf {rC+ rF+}
rCorr   +          Rampage  .   (gloves unavailable)
Will    .....                   (boots unavailable)
Stlth   ++........              (no amulet)
HPRegen 1.06/turn               i - ring of poison resistance
MPRegen 0.12/turn               m - +6 ring of dexterity

@: about to teleport, heroic, fire susceptible
A: large, unfitting armour, claws 3, regeneration 1, shaggy fur 1, tough skin 1
a: Renounce Religion, Heroism


You were on level 11 of the Dungeon.
You worshipped Okawaru.
Okawaru was aware of your devotion.
You visited 1 branch of the dungeon, and saw 11 of its levels.
You visited the Abyss 1 time.
You also visited: Sewer and Ossuary.

You collected 598 gold pieces.
You spent 230 gold pieces at shops.


Innate Abilities, Weirdness & Mutations

You are too large for most types of armour.
You have claws for hands.
Your natural rate of healing is unusually fast.
You are covered in fur. (AC +1)
You have tough skin. (AC +1)


   Skills:
 - Level 4.3(9.3) Fighting
 + Level 3.9(8.9) Throwing
 - Level 1.2(6.2) Armour
 - Level 2.9(7.9) Dodging
 - Level 12.5(17.5) Shields
 - Level 11.1(16.1) Unarmed Combat
 - Level 1.0 Spellcasting
 - Level 2.1 Fire Magic
 + Level 1.5 Invocations


You had 12 spell levels left.
You didn't know any spells.
Your spell library contained the following spells:

 Spells                   Type           Power      Damage    Failure   Level
 Scorch                   Fire           8%         2d5       50%         2

Inventory:

Missiles
 a - a large rock (quivered)
 k - 5 javelins
 l - 9 boomerangs
Armour
 j - a +1 cloak of preservation
 n - a +2 robe of fire resistance
 q - a +0 tower shield (worn)
 r - a scarf of resistance (worn)
 t - +0 acid dragon scales (worn)
 u - a +2 robe of cold resistance
 v - a +2 hat (worn)
Jewellery
 i - a ring of poison resistance (left claw)
 m - a +6 ring of dexterity (right claw)
 o - a ring of protection from cold
 s - a ring of resist corrosion
Scrolls
 f - 5 scrolls of identify
 g - 2 scrolls of enchant weapon
Potions
 b - 4 potions of might
 c - 3 potions of haste
 d - 2 potions of curing
 e - a potion of resistance
 w - 2 potions of mutation

Dungeon Overview and Level Annotations

Branches:
Dungeon (10/15)            Temple (0/1) D:7           Sewer (visited)
Ossuary (visited)
   Lair: D:8-11         Orc: D:9-12

Altars:
Cheibriados
Elyvilon
Hepliaklqana
Kikubaaqudgha
Nemelex Xobeh
Okawaru
Sif Muna
Vehumet
Xom
Yredelemnul
The Shining One

Shops:
D:4 *   D:5 [

Annotations:
D:7 3 runed translucent doors, qw's ghost, novice TrCA


Message History

You block the skeletal warrior's attack.
9688 ||| INVOKING Heroism.
You gain the combat prowess of a mighty hero.
The yak gores you! x2
You block the skeletal warrior's attack.
9689 ||| Stepping ~*~*~tactically~*~*~ (outnumbered).
The yak attacks as you move away! You block the yak's attack.
The skeletal warrior hits you from afar with a +0 glaive!!
You block the yak's attack.
9690 ||| Stepping ~*~*~tactically~*~*~ (outnumbered).
The skeletal warrior attacks as you move away!
You block the skeletal warrior's attack.
There is a stone staircase leading up here.
9691 ||| Stepping ~*~*~tactically~*~*~ (outnumbered).
9692 ||| Stepping ~*~*~tactically~*~*~ (outnumbered).
The yak attacks as you move away! You block the yak's attack.
The skeletal warrior attacks as you move away!
You block the skeletal warrior's attack.
9693 ||| Stepping ~*~*~tactically~*~*~ (outnumbered).
The yak attacks as you move away! The yak gores you.
The skeletal warrior attacks as you move away!
You block the skeletal warrior's attack.
Found 15 gold pieces.
You mangle the skeletal warrior!!
The skeletal warrior is moderately damaged.
You block the skeletal warrior's attack.
You mangle the skeletal warrior!!
The skeletal warrior is severely damaged.
You block the skeletal warrior's attack.
You scratch the skeletal warrior but do no damage.
The skeletal warrior is severely damaged.
You block the skeletal warrior's attack.
You completely miss the skeletal warrior.
The skeletal warrior is severely damaged.
The skeletal warrior hits you with a +0 dire flail!
9698 ||| READING scroll of teleportation.
As you read the scroll of teleportation, it crumbles to dust.
You feel strangely unstable.
The skeletal warrior hits you with a +0 dire flail!!
You die...

#...~.~/~~~~#~~~~..~~~##+
....#.~.~~~#~~....)......
....#.~.~~###~.~..>...##
}.###.#.~## ##.~.~~~~..#
....#.#.## #.YYzY~##..#
#####.#.# #.#zYY..# #
......#.######.#YY####
#######........#z##
##########@#
..........$.#
######.###### #. #. #. #.
#.


You could see 3 skeletal warriors and 7 yaks.

Vanquished Creatures
  Erolcha (D:9)
  A rakshasa (Abyss:1)
  A two-headed ogre (D:9)
  2 skeletal warriors
  Pikel (D:6)
  A cyclops (D:9)
  A manticore (D:11)
  An ugly thing (D:9)
  Maurice (D:9)
  A guardian serpent (shapeshifter) (D:9)
  An unseen horror (Abyss:1)
  3 trolls
  3 raiju (Abyss:1)
  2 large abominations (Abyss:1)
  2 small abominations (Abyss:1)
  A wraith (D:11)
  6 wyverns
  2 steam dragons (D:8)
  2 water moccasins
  Duvessa (D:7)
  An acid dragon (D:9)
  3 orc warriors
  4 black bears
  2 ice beasts
  An ogre (D:6)
  2 centaurs
  2 phantoms
  An elf zombie (Ossuary)
  2 necrophages
  4 scorpions
  4 bullfrogs
  18 wights
  Dowan (D:7)
  6 killer bees
  A howler monkey (D:5)
  A centaur zombie (Ossuary)
  3 hounds
  3 human zombies (Ossuary)
  3 jellies
  2 gnoll boudas
  3 orc priests
  2 iguanas
  9 orc wizards
  2 mummies (Ossuary)
  14 adders
  12 gnolls
  4 river rats (Sewer)
  An adder zombie (Ossuary)
  2 worms
  A dart slug (D:3)
  45 orcs
  3 endoplasms
  4 giant cockroaches
  10 goblins
  8 hobgoblins
  5 jackals
  3 kobolds (D:3)
  8 quokkas
  15 ball pythons
  10 bats
  9 frilled lizards
  A goblin zombie (Ossuary)
  10 hobgoblin zombies (Ossuary)
  10 kobold zombies (Ossuary)
  8 orc zombies (Ossuary)
  9 rats
  A rat zombie (Ossuary)
307 creatures vanquished.

Vanquished Creatures (others)
  A steam dragon (D:8)
  9 fungi
  4 plants
  A withered plant (D:3)
15 creatures vanquished.

Grand Total: 322 creatures vanquished

Notes
Turn   | Place    | Note
-------+----------+-------------------------------------------
     0 | D:1      | qw the Troll Cinder Acolyte began the quest for the Orb.
     0 | D:1      | Reached XP level 1. HP: 22/22 MP: 1/1
     0 | D:1      | 0 ||| qw: Version: 0.1-a-100-g36b9a1f
     0 | D:1      | 0 ||| qw: Game counter: 5021
     0 | D:1      | 0 ||| qw: Always use a shield: true
     0 | D:1      | 0 ||| qw: God list: Okawaru
     0 | D:1      | 0 ||| qw: Allow faded altars: false
     0 | D:1      | 0 ||| qw: Do Orc after D:15 true
     0 | D:1      | 0 ||| qw: Do second Lair branch before Depths: true
     0 | D:1      | 0 ||| qw: Lair rune preference: random
     0 | D:1      | 0 ||| qw: Plans: Normal
     0 | D:1      | 0 ||| PLANNING D:1-11
     7 | D:1      | 7 ||| Stepping ~*~*~tactically~*~*~ (stealth).
    11 | D:1      | 11 ||| Stepping ~*~*~tactically~*~*~ (stealth).
    12 | D:1      | 12 ||| Stepping ~*~*~tactically~*~*~ (stealth).
    13 | D:1      | 13 ||| Stepping ~*~*~tactically~*~*~ (stealth).
    14 | D:1      | 14 ||| Stepping ~*~*~tactically~*~*~ (stealth).
    73 | D:1      | 73 ||| Stepping ~*~*~tactically~*~*~ (stealth).
   120 | D:1      | Reached XP level 2. HP: 29/29 MP: 2/2
   684 | D:1      | Reached XP level 3. HP: 35/36 MP: 3/3
   904 | D:1      | 904 ||| UPGRADING to +0 cloak.
   909 | D:1      | 909 ||| READING scroll labelled COZEOPHUSU.
   910 | D:1      | 910 ||| READING scroll labelled ZUXESH OSOLI.
   929 | D:1      | 929 ||| READING 3 scrolls labelled ROLORE JOGU.
   932 | D:1      | 932 ||| READING 2 scrolls labelled SOIZAPT PUIXU.
   988 | D:2      | 988 ||| Stepping ~*~*~tactically~*~*~ (stealth).
  1285 | D:2      | 1285 ||| Stepping ~*~*~tactically~*~*~ (stealth).
  1432 | D:2      | You fall into a shaft and drop 1 floor!
  1433 | D:3      | 1433 ||| PLANNING SEWER
  1441 | D:3      | Found a sparkling altar of Nemelex Xobeh.
  1553 | D:3      | 1553 ||| Stepping ~*~*~tactically~*~*~ (stealth).
  1568 | D:3      | 1568 ||| Stepping ~*~*~tactically~*~*~ (stealth).
  1571 | D:3      | 1571 ||| Stepping ~*~*~tactically~*~*~ (stealth).
  1573 | D:3      | 1573 ||| Stepping ~*~*~tactically~*~*~ (hiding).
  1575 | D:3      | 1575 ||| Stepping ~*~*~tactically~*~*~ (hiding).
  1583 | D:3      | 1583 ||| INVOKING Fiery Armour.
  1587 | D:3      | Reached XP level 4. HP: 44/44 MP: 4/4
  1602 | D:3      | 1602 ||| Stepping ~*~*~tactically~*~*~ (outnumbered).
  1603 | D:3      | 1603 ||| Stepping ~*~*~tactically~*~*~ (outnumbered).
  1608 | D:3      | Identified the +0 kite shield of Zunoum {Dex+4 Slay+3}
  1609 | D:3      | 1609 ||| Stepping ~*~*~tactically~*~*~ (stealth).
  1618 | D:3      | 1618 ||| Stepping ~*~*~tactically~*~*~ (hiding).
  1625 | D:3      | Reached XP level 5. HP: 50/50 MP: 5/5
  1628 | D:3      | 1628 ||| UPGRADING to ring of poison resistance.
  1629 | D:3      | 1629 ||| READING scroll labelled GIKHLE RIAJ.
  1630 | D:3      | 1630 ||| READING 6 scrolls of identify.
  1630 | D:3      | 1630 ||| IDENTIFYING ruby potion
  1631 | D:3      | 1631 ||| READING 5 scrolls of identify.
  1631 | D:3      | 1631 ||| IDENTIFYING fizzy white potion
  1632 | D:3      | 1632 ||| READING 4 scrolls of identify.
  1632 | D:3      | 1632 ||| IDENTIFYING viscous white potion
  1633 | D:3      | 1633 ||| READING 3 scrolls of identify.
  1633 | D:3      | 1633 ||| IDENTIFYING grey potion
  1634 | D:3      | 1634 ||| READING 2 scrolls of teleportation.
  1636 | D:3      | 1636 ||| FLEEEEING.
  1637 | D:3      | 1637 ||| FLEEEEING.
  1638 | D:3      | 1638 ||| FLEEEEING.
  1657 | D:3      | Found a faded altar of an unknown god.
  1682 | D:3      | Found a glowing golden altar of the Shining One.
  1755 | D:3      | Reached skill level 6 in Unarmed Combat
  1774 | D:3      | 1774 ||| Stepping ~*~*~tactically~*~*~ (stealth).
  1791 | D:3      | 1791 ||| Stepping ~*~*~tactically~*~*~ (stealth).
  1861 | D:3      | 1861 ||| UPGRADING to +0 kite shield of Zunoum {Dex+4
                  | Slay+3}.
  1866 | D:3      | 1866 ||| READING scroll of teleportation.
  1876 | D:3      | 1876 ||| Stepping ~*~*~tactically~*~*~ (outnumbered).
  1894 | D:3      | 1894 ||| Stepping randomly (stuck).
  1895 | D:3      | 1895 ||| Stepping randomly (stuck).
  2075 | D:3      | Found a glowing drain.
  2076 | D:3      | 2076 ||| DRINKING 2 white potions.
  2077 | D:3      | 2077 ||| READING 2 scrolls of identify.
  2077 | D:3      | 2077 ||| IDENTIFYING fizzy black potion
  2078 | D:3      | 2078 ||| DROPPING potion of lignification.
  2079 | D:3      | 2079 ||| DROPPING potion of invisibility.
  2088 | Sewer    | Entered a sewer
  2096 | Sewer    | Reached skill level 1 in Shields
  2228 | Sewer    | 2228 ||| INVOKING Fiery Armour.
  2262 | Sewer    | Reached XP level 6. HP: 59/59 MP: 6/6
  2262 | Sewer    | 2262 ||| Stepping ~*~*~tactically~*~*~ (outnumbered).
  2327 | Sewer    | Reached skill level 2 in Shields
  2343 | Sewer    | 2343 ||| Stepping ~*~*~tactically~*~*~ (outnumbered).
  2345 | Sewer    | 2345 ||| Stepping ~*~*~tactically~*~*~ (outnumbered).
  2359 | Sewer    | 2359 ||| Stepping ~*~*~tactically~*~*~ (outnumbered).
  2360 | Sewer    | 2360 ||| Stepping ~*~*~tactically~*~*~ (outnumbered).
  2361 | Sewer    | 2361 ||| Stepping ~*~*~tactically~*~*~ (outnumbered).
  2617 | Sewer    | 2617 ||| READING scroll labelled SATEIPA BAIPOE.
  2618 | Sewer    | 2618 ||| READING scroll labelled AGUFEVO AC MOTZ.
  2619 | Sewer    | 2619 ||| READING scroll labelled SIADA MOCWEOSU.
  2620 | Sewer    | 2620 ||| READING 2 scrolls of identify.
  2620 | Sewer    | 2620 ||| IDENTIFYING gluggy blue potion
  2621 | Sewer    | 2621 ||| DROPPING potion of magic.
  2644 | D:3      | 2644 ||| PLANNING D:1-11
  2798 | D:2      | 2798 ||| UPGRADING to +6 ring of dexterity.
  2799 | D:2      | 2799 ||| READING scroll labelled LUDOIP XODOOMMUIG.
  2985 | D:4      | Found Lomarph's Fire Supplies.
  2987 | D:4      | 2987 ||| Stepping ~*~*~tactically~*~*~ (stealth).
  3000 | D:4      | Reached skill level 3 in Shields
  3008 | D:4      | 3008 ||| BUYING +2 robe of fire resistance (230 gold).
  3008 | D:4      | Bought a +2 robe of fire resistance for 230 gold pieces
  3008 | D:4      | 3008 ||| SHOPLISTING ring of fire (325 gold, have 4).
  3008 | D:4      | 3008 ||| SHOPLISTING ring of protection from fire (325
                  | gold, have 4).
  3030 | D:4      | 3030 ||| Stepping ~*~*~tactically~*~*~ (stealth).
  3057 | D:4      | 3057 ||| Stepping ~*~*~tactically~*~*~ (stealth).
  3059 | D:4      | 3059 ||| Stepping ~*~*~tactically~*~*~ (hiding).
  3071 | D:4      | 3071 ||| Stepping ~*~*~tactically~*~*~ (hiding).
  3077 | D:4      | 3077 ||| INVOKING Fiery Armour.
  3081 | D:4      | Reached skill level 1 in Dodging
  3081 | D:4      | 3081 ||| Stepping ~*~*~tactically~*~*~ (outnumbered).
  3082 | D:4      | 3082 ||| Stepping ~*~*~tactically~*~*~ (outnumbered).
  3083 | D:4      | 3083 ||| Stepping ~*~*~tactically~*~*~ (outnumbered).
  3172 | D:4      | 3172 ||| Stepping ~*~*~tactically~*~*~ (stealth).
  3175 | D:4      | Reached XP level 7. HP: 66/66 MP: 7/7
  3324 | D:4      | 3324 ||| UPGRADING to +2 robe of fire resistance.
  3334 | D:4      | 3334 ||| DROPPING +0 robe.
  3335 | D:4      | 3335 ||| UPGRADING to +0 tower shield.
  3345 | D:4      | 3345 ||| DROPPING +0 kite shield of Zunoum {Dex+4 Slay+3}.
  3346 | D:4      | 3346 ||| UPGRADING to scarf of resistance.
  3356 | D:4      | 3356 ||| READING scroll labelled WINNANL XUHUSO.
  3357 | D:4      | 3357 ||| READING scroll labelled ZASUTORAZI.
  3364 | D:5      | Entered Level 5 of the Dungeon
  3365 | D:5      | 3365 ||| PLANNING OSSUARY
  3384 | D:5      | Found a shimmering blue altar of Sif Muna.
  3407 | D:5      | Reached skill level 4 in Shields
  3471 | D:5      | 3471 ||| Stepping ~*~*~tactically~*~*~ (stealth).
  3473 | D:5      | 3473 ||| Stepping ~*~*~tactically~*~*~ (outnumbered).
  3474 | D:5      | 3474 ||| Stepping ~*~*~tactically~*~*~ (outnumbered).
  3475 | D:5      | 3475 ||| Stepping ~*~*~tactically~*~*~ (outnumbered).
  3485 | D:5      | Reached skill level 5 in Shields
  3647 | D:5      | 3647 ||| FLEEEEING.
  3655 | D:5      | 3655 ||| Stepping ~*~*~tactically~*~*~ (outnumbered).
  3661 | D:5      | 3661 ||| Stepping ~*~*~tactically~*~*~ (outnumbered).
  3704 | D:5      | 3704 ||| Stepping ~*~*~tactically~*~*~ (stealth).
  3777 | D:5      | 3777 ||| Stepping ~*~*~tactically~*~*~ (stealth).
  3806 | D:5      | Found a sand-covered staircase.
  3811 | Ossuary  | Entered an ossuary
  3816 | Ossuary  | 3816 ||| Stepping ~*~*~tactically~*~*~ (stealth).
  3818 | Ossuary  | 3818 ||| Stepping ~*~*~tactically~*~*~ (stealth).
  3820 | Ossuary  | 3820 ||| Stepping ~*~*~tactically~*~*~ (stealth).
  3823 | Ossuary  | 3823 ||| Stepping ~*~*~tactically~*~*~ (stealth).
  3825 | Ossuary  | 3825 ||| Stepping ~*~*~tactically~*~*~ (stealth).
  3832 | Ossuary  | 3832 ||| Stepping ~*~*~tactically~*~*~ (outnumbered).
  3833 | Ossuary  | 3833 ||| Stepping ~*~*~tactically~*~*~ (outnumbered).
  3834 | Ossuary  | 3834 ||| Stepping ~*~*~tactically~*~*~ (outnumbered).
  3874 | Ossuary  | 3874 ||| Stepping ~*~*~tactically~*~*~ (outnumbered).
  3962 | Ossuary  | 3962 ||| Stepping ~*~*~tactically~*~*~ (stealth).
  3966 | Ossuary  | 3966 ||| Stepping ~*~*~tactically~*~*~ (outnumbered).
  3967 | Ossuary  | 3967 ||| Stepping ~*~*~tactically~*~*~ (outnumbered).
  3968 | Ossuary  | 3968 ||| Stepping ~*~*~tactically~*~*~ (outnumbered).
  3970 | Ossuary  | 3970 ||| Stepping ~*~*~tactically~*~*~ (outnumbered).
  3971 | Ossuary  | 3971 ||| Stepping ~*~*~tactically~*~*~ (outnumbered).
  3973 | Ossuary  | 3973 ||| Stepping ~*~*~tactically~*~*~ (outnumbered).
  3978 | Ossuary  | Reached skill level 6 in Shields
  4023 | Ossuary  | Reached XP level 8. HP: 74/74 MP: 8/8
  4064 | Ossuary  | 4064 ||| Stepping ~*~*~tactically~*~*~ (stealth).
  4066 | Ossuary  | 4066 ||| Stepping ~*~*~tactically~*~*~ (stealth).
  4072 | Ossuary  | 4072 ||| Stepping ~*~*~tactically~*~*~ (stealth).
  4075 | Ossuary  | 4075 ||| Stepping ~*~*~tactically~*~*~ (stealth).
  4115 | Ossuary  | 4115 ||| Stepping ~*~*~tactically~*~*~ (outnumbered).
  4118 | Ossuary  | 4118 ||| Stepping ~*~*~tactically~*~*~ (outnumbered).
  4135 | Ossuary  | 4135 ||| Stepping ~*~*~tactically~*~*~ (outnumbered).
  4136 | Ossuary  | 4136 ||| Stepping ~*~*~tactically~*~*~ (outnumbered).
  4137 | Ossuary  | 4137 ||| Stepping ~*~*~tactically~*~*~ (outnumbered).
  4139 | Ossuary  | 4139 ||| Stepping ~*~*~tactically~*~*~ (outnumbered).
  4140 | Ossuary  | 4140 ||| Stepping ~*~*~tactically~*~*~ (outnumbered).
  4141 | Ossuary  | 4141 ||| Stepping ~*~*~tactically~*~*~ (outnumbered).
  4157 | Ossuary  | 4157 ||| READING scroll labelled YVUNKEKL TAOWE.
  4158 | Ossuary  | 4158 ||| DRINKING 2 inky potions.
  4159 | Ossuary  | 4159 ||| DROPPING potion of brilliance.
  4173 | D:5      | 4173 ||| PLANNING D:1-11
  4195 | D:5      | Found Legrouna's Armour Shoppe.
  4203 | D:5      | 4203 ||| SHOPLISTING +1 robe of cold resistance (190 gold,
                  | have 24).
  4203 | D:5      | 4203 ||| SHOPLISTING +2 robe of cold resistance (265 gold,
                  | have 24).
  4258 | D:5      | Reached skill level 7 in Shields
  4275 | D:5      | 4275 ||| Stepping ~*~*~tactically~*~*~ (stealth).
  4311 | D:5      | 4311 ||| Stepping ~*~*~tactically~*~*~ (stealth).
  4312 | D:5      | 4312 ||| Stepping ~*~*~tactically~*~*~ (stealth).
  4314 | D:5      | 4314 ||| Stepping ~*~*~tactically~*~*~ (stealth).
  4316 | D:5      | 4316 ||| Stepping ~*~*~tactically~*~*~ (stealth).
  4317 | D:5      | 4317 ||| Stepping ~*~*~tactically~*~*~ (stealth).
  4319 | D:5      | 4319 ||| Stepping ~*~*~tactically~*~*~ (stealth).
  4322 | D:5      | 4322 ||| DRINKING 5 potions of curing.
  4322 | D:5      | 4322 ||| (to cure confusion)
  4327 | D:5      | 4327 ||| DRINKING 4 potions of curing.
  4327 | D:5      | 4327 ||| (to cure confusion)
  4328 | D:5      | 4328 ||| DRINKING 3 potions of curing.
  4328 | D:5      | 4328 ||| (to cure confusion)
  4432 | D:5      | Found a radiant altar of Vehumet.
  4515 | D:5      | Found a white marble altar of Elyvilon.
  4516 | D:5      | 4516 ||| Stepping ~*~*~tactically~*~*~ (hiding).
  4521 | D:5      | 4521 ||| Stepping ~*~*~tactically~*~*~ (hiding).
  4535 | D:5      | 4535 ||| Stepping ~*~*~tactically~*~*~ (stealth).
  4609 | D:5      | 4609 ||| READING scroll labelled OFILEN XEPUM.
  4852 | D:6      | Reached skill level 8 in Shields
  4869 | D:6      | Found an ancient bone altar of Kikubaaqudgha.
  4970 | D:6      | 4970 ||| INVOKING Fiery Armour.
  5129 | D:6      | Reached skill level 9 in Shields
  5146 | D:6      | 5146 ||| Stepping ~*~*~tactically~*~*~ (stealth).
  5148 | D:6      | Noticed Pikel
  5149 | D:6      | 5149 ||| Stepping ~*~*~tactically~*~*~ (stealth).
  5156 | D:6      | 5156 ||| Stepping ~*~*~tactically~*~*~ (stealth).
  5157 | D:6      | Killed Pikel
  5158 | D:6      | Reached XP level 9. HP: 80/80 MP: 9/9
  5169 | D:6      | 5169 ||| Stepping ~*~*~tactically~*~*~ (stealth).
  5256 | D:6      | 5256 ||| Stepping ~*~*~tactically~*~*~ (stealth).
  5495 | D:6      | 5495 ||| Stepping ~*~*~tactically~*~*~ (outnumbered).
  5496 | D:6      | 5496 ||| Stepping ~*~*~tactically~*~*~ (outnumbered).
  5556 | D:6      | 5556 ||| UPGRADING to amulet of guardian spirit.
  5561 | D:6      | 5561 ||| READING scroll labelled BOULUW TEOM.
  5562 | D:6      | 5562 ||| READING scroll labelled ROSMANG QUSA.
  5563 | D:6      | 5563 ||| DRINKING 4 sedimented ruby potions.
  5588 | D:7      | Found a staircase to the Ecumenical Temple.
  5614 | D:7      | 5614 ||| DRINKING 3 potions of curing.
  5614 | D:7      | 5614 ||| (to cure confusion)
  5673 | D:7      | Found a runed translucent gate.
  5673 | D:7      | Found a runed translucent gate.
  5673 | D:7      | Found a runed translucent gate.
  5676 | D:7      | Noticed qw's ghost (novice TrCA)
  5738 | D:7      | Reached skill level 10 in Shields
  5765 | D:7      | 5765 ||| FLEEEEING.
  5766 | D:7      | 5766 ||| FLEEEEING.
  5771 | D:7      | 5771 ||| FLEEEEING.
  5787 | D:7      | Reached skill level 3 in Fighting
  5787 | D:7      | 5787 ||| FLEEEEING.
  5788 | D:7      | 5788 ||| FLEEEEING.
  5789 | D:7      | 5789 ||| FLEEEEING.
  5790 | D:7      | 5790 ||| FLEEEEING.
  5791 | D:7      | 5791 ||| FLEEEEING.
  5792 | D:7      | 5792 ||| FLEEEEING.
  5793 | D:7      | 5793 ||| FLEEEEING.
  5794 | D:7      | 5794 ||| FLEEEEING.
  5850 | D:7      | Noticed Duvessa
  5851 | D:7      | 5851 ||| FLEEEEING.
  5852 | D:7      | 5852 ||| FLEEEEING.
  5853 | D:7      | 5853 ||| FLEEEEING.
  5854 | D:7      | 5854 ||| FLEEEEING.
  5859 | D:7      | Noticed Dowan
  5861 | D:7      | Killed Dowan
  5862 | D:7      | 5862 ||| FLEEEEING.
  5863 | D:7      | 5863 ||| FLEEEEING.
  5879 | D:7      | Killed Duvessa
  5930 | D:7      | Found a snail-covered altar of Cheibriados.
  6000 | D:7      | 6000 ||| FLEEEEING.
  6005 | D:7      | 6005 ||| Stepping ~*~*~tactically~*~*~ (outnumbered).
  6007 | D:7      | 6007 ||| INVOKING Fiery Armour.
  6012 | D:7      | Reached skill level 9 in Unarmed Combat
  6013 | D:7      | 6013 ||| Stepping ~*~*~tactically~*~*~ (outnumbered).
  6018 | D:7      | 6018 ||| Stepping ~*~*~tactically~*~*~ (outnumbered).
  6020 | D:7      | Reached skill level 1 in Throwing
  6021 | D:7      | 6021 ||| Stepping ~*~*~tactically~*~*~ (outnumbered).
  6022 | D:7      | 6022 ||| Stepping ~*~*~tactically~*~*~ (outnumbered).
  6023 | D:7      | 6023 ||| Stepping ~*~*~tactically~*~*~ (outnumbered).
  6330 | D:7      | Found a hazy altar of Hepliaklqana.
  6424 | D:7      | Reached XP level 10. HP: 91/91 MP: 8/10
  6755 | D:7      | 6755 ||| READING 5 scrolls of identify.
  6755 | D:7      | 6755 ||| IDENTIFYING golden potion
  6756 | D:7      | 6756 ||| DROPPING potion of attraction.
  6768 | D:8      | 6768 ||| STAIRDANCE
  6782 | D:8      | 6782 ||| STAIRDANCE
  6955 | D:8      | 6955 ||| Stepping ~*~*~tactically~*~*~ (stealth).
  7007 | D:8      | 7007 ||| Stepping ~*~*~tactically~*~*~ (stealth).
  7010 | D:8      | 7010 ||| Stepping ~*~*~tactically~*~*~ (stealth).
  7014 | D:8      | 7014 ||| Stepping ~*~*~tactically~*~*~ (outnumbered).
  7015 | D:8      | 7015 ||| Stepping ~*~*~tactically~*~*~ (outnumbered).
  7018 | D:8      | 7018 ||| Stepping ~*~*~tactically~*~*~ (outnumbered).
  7019 | D:8      | 7019 ||| Stepping ~*~*~tactically~*~*~ (outnumbered).
  7020 | D:8      | 7020 ||| Stepping ~*~*~tactically~*~*~ (outnumbered).
  7022 | D:8      | 7022 ||| Stepping ~*~*~tactically~*~*~ (outnumbered).
  7028 | D:8      | Reached skill level 11 in Shields
  7036 | D:8      | 7036 ||| FLEEEEING.
  7037 | D:8      | 7037 ||| FLEEEEING.
  7042 | D:8      | 7042 ||| Stepping ~*~*~tactically~*~*~ (outnumbered).
  7043 | D:8      | 7043 ||| STAIRDANCE
  7062 | D:7      | 7062 ||| INVOKING Fiery Armour.
  7176 | D:8      | 7176 ||| Stepping ~*~*~tactically~*~*~ (hiding).
  7184 | D:8      | 7184 ||| INVOKING Fiery Armour.
  7240 | D:8      | Found an iron altar of Okawaru.
  7290 | D:8      | 7290 ||| Stepping ~*~*~tactically~*~*~ (stealth).
  7502 | D:8      | 7502 ||| DROPPING ring of wizardry.
  7581 | D:9      | Noticed Erolcha
  7582 | D:9      | 7582 ||| Stepping ~*~*~tactically~*~*~ (hiding).
  7584 | D:9      | 7584 ||| INVOKING Fiery Armour.
  7584 | Abyss:1  | Cast into level 1 of the Abyss (Erolcha)
  7585 | Abyss:1  | 7585 ||| UPGRADING to +2 hat.
  7708 | Abyss:1  | 7708 ||| INVOKING Fiery Armour.
  7710 | Abyss:1  | Noticed a wretched star
  7715 | Abyss:1  | HP: 18/91 [raiju/living lightning (12)]
  7716 | Abyss:1  | 7716 ||| READING scroll of teleportation.
  7717 | Abyss:1  | 7717 ||| DRINKING 3 potions of heal wounds.
  7721 | Abyss:1  | HP: 14/91 [raiju/living lightning (19)]
  7870 | Abyss:1  | 7870 ||| Stepping ~*~*~tactically~*~*~ (stealth).
  7895 | Abyss:1  | 7895 ||| INVOKING Fiery Armour.
  8018 | Abyss:1  | 8018 ||| Stepping ~*~*~tactically~*~*~ (stealth).
  8018 | Abyss:1  | Noticed a rakshasa
  8024 | Abyss:1  | 8024 ||| Stepping ~*~*~tactically~*~*~ (hiding).
  8028 | Abyss:1  | 8028 ||| INVOKING Fiery Armour.
  8029 | Abyss:1  | Killed a rakshasa
  8032 | D:9      | Escaped the Abyss
  8042 | D:9      | HP: 11/94 [something (19)]
  8042 | D:9      | Killed Erolcha
  8043 | D:9      | Reached XP level 11. HP: 12/101 MP: 1/11
  8055 | D:9      | 8055 ||| Stepping ~*~*~tactically~*~*~ (stealth).
  8057 | D:9      | 8057 ||| Stepping ~*~*~tactically~*~*~ (stealth).
  8058 | D:9      | 8058 ||| Stepping ~*~*~tactically~*~*~ (stealth).
  8064 | D:9      | HP: 24/101 [wyvern (6)]
  8065 | D:9      | 8065 ||| DRINKING 2 potions of heal wounds.
  8147 | D:9      | 8147 ||| INVOKING Fiery Armour.
  8152 | D:9      | 8152 ||| Stepping ~*~*~tactically~*~*~ (outnumbered).
  8164 | D:9      | Reached skill level 12 in Shields
  8205 | D:9      | Noticed a two-headed ogre
  8211 | D:9      | Killed a two-headed ogre
  8240 | D:9      | Found a basalt altar of Yredelemnul.
  8328 | D:9      | 8328 ||| Stepping ~*~*~tactically~*~*~ (hiding).
  8358 | D:9      | Found a shimmering altar of Xom.
  8423 | D:9      | Noticed a cyan ugly thing
  8425 | D:9      | 8425 ||| Stepping ~*~*~tactically~*~*~ (hiding).
  8427 | D:9      | 8427 ||| INVOKING Fiery Armour.
  8428 | D:9      | 8428 ||| Stepping ~*~*~tactically~*~*~ (outnumbered).
  8441 | D:9      | Killed a cyan ugly thing
  8447 | D:9      | Noticed a skeletal warrior
  8461 | D:9      | HP: 24/101 [skeletal warrior/+2 dire flail of protection
                  | (7)]
  8462 | D:9      | 8462 ||| DRINKING potion of heal wounds.
  8467 | D:9      | HP: 21/101 [skeletal warrior/+2 dire flail of protection
                  | (17)]
  8468 | D:9      | Killed a skeletal warrior
  8556 | D:9      | Identified the +1 ring mail of Xuypnaeg {Fly Slay+2}
  8600 | D:9      | 8600 ||| Stepping ~*~*~tactically~*~*~ (hiding).
  8684 | D:9      | Noticed Maurice
  8720 | D:9      | Killed Maurice
  8991 | D:9      | 8991 ||| PLANNING CONVERSION TO OKAWARU
  9061 | D:8      | Fell from the grace of Ignis
  9061 | D:8      | Became a worshipper of Warmaster Okawaru
  9062 | D:8      | 9062 ||| PLANNING D:1-11
  9062 | D:8      | 9062 ||| REMOVING amulet of guardian spirit.
  9067 | D:8      | 9067 ||| DROPPING +0 cloak.
  9068 | D:8      | 9068 ||| DROPPING +0 steam dragon scales.
  9069 | D:8      | 9069 ||| UPGRADING to +0 acid dragon scales.
  9079 | D:8      | 9079 ||| DROPPING amulet of guardian spirit.
  9080 | D:8      | 9080 ||| READING scroll labelled WUUTWO NAECHOGGONT.
  9287 | D:10     | Entered Level 10 of the Dungeon
  9355 | D:10     | 9355 ||| Stepping ~*~*~tactically~*~*~ (hiding).
  9356 | D:10     | 9356 ||| Stepping ~*~*~tactically~*~*~ (hiding).
  9357 | D:10     | 9357 ||| Stepping ~*~*~tactically~*~*~ (hiding).
  9358 | D:10     | 9358 ||| Stepping ~*~*~tactically~*~*~ (hiding).
  9359 | D:10     | 9359 ||| Stepping ~*~*~tactically~*~*~ (hiding).
  9476 | D:10     | Reached skill level 1 in Armour
  9585 | D:10     | You fall into a shaft and drop 1 floor!
  9590 | D:11     | Reached * piety under Okawaru
  9591 | D:11     | Reached skill level 3 in Throwing
  9676 | D:11     | Noticed a skeletal warrior
  9676 | D:11     | Noticed a skeletal warrior
  9677 | D:11     | 9677 ||| INVOKING Heroism.
  9678 | D:11     | Noticed a skeletal warrior
  9679 | D:11     | Noticed a skeletal warrior
  9686 | D:11     | Killed a skeletal warrior
  9687 | D:11     | Reached skill level 1 in Invocations
  9687 | D:11     | 9687 ||| Stepping ~*~*~tactically~*~*~ (outnumbered).
  9688 | D:11     | 9688 ||| INVOKING Heroism.
  9689 | D:11     | 9689 ||| Stepping ~*~*~tactically~*~*~ (outnumbered).
  9690 | D:11     | 9690 ||| Stepping ~*~*~tactically~*~*~ (outnumbered).
  9691 | D:11     | 9691 ||| Stepping ~*~*~tactically~*~*~ (outnumbered).
  9692 | D:11     | 9692 ||| Stepping ~*~*~tactically~*~*~ (outnumbered).
  9693 | D:11     | 9693 ||| Stepping ~*~*~tactically~*~*~ (outnumbered).
  9697 | D:11     | HP: 24/101 [skeletal warrior/+0 dire flail (11)]
  9698 | D:11     | 9698 ||| READING scroll of teleportation.
  9698 | D:11     | Slain by a skeletal warrior

Levels and vault maps discovered:
D:1:      minmay_arrival_four_circles, layout_basic
D:2:      layout_loops_cross, nrook_loot_triangle
D:3:      minmay_evil_eye, layout_rooms, nemelex_altar_shiori, tso_altar,
          portal_sewer_entry_d, ebering_ecumenical_altar_petrified,
          minmay_quadrilaterals
D:4:      layout_basic, minmay_misc_feat_plants, nicolae_shop_fire_sale
          [nicolae_sub_dead_trees]
D:5:      layout_loops_cross, mainiacjoe_overflow_cross_hatched,
          mainiacjoe_overflow_alcove_2, lemuel_coloured_pillars_altar,
          enter_ossuary_5, serial_shops, nicolae_shop_crystal,
          kennysheep_pointless_box, uniq_crazy_yiuf_cottage
D:6:      layout_basic, overflow_temple_1_default, minmay_crystal_water,
          uniq_pikel
D:7:      layout_basic, mainiacjoe_overflow_paths, general_overflow_altar,
          minmay_temple_entry_slanted, gammafunk_ghost_nasty_kobolds,
          minmay_misc_feat_columns, uniq_duvessa
D:8:      kennysheep_steamy, layout_cave_pools,
          mainiacjoe_overflow_concentric_impassable
D:9:      minmay_blocky_corners, layout_basic, mainiacjoe_overflow_brackets,
          mainiacjoe_overflow_alcove_4, uniq_maurice, uniq_erolcha
D:10:     layout_grid_maze, grunt_lair_entry_orc_guard_hut, serial_shops, shop,
          uniq_grum
D:11:     layout_basic, orc_0_dummy, minmay_tree_intersection,
          hangedman_abyss_or_decor_clamps

Skill      XL: |  1  2  3  4  5  6  7  8  9 10 11 |
---------------+----------------------------------+-----
Unarmed Combat | 4 5 6 7 9 10 11 | 11.1
Shields        | 1 3 6 9 10 11 12 | 12.5
Dodging        | 1 2 |  2.9
Fighting       | 3 4 |  4.3
Throwing       | 1 3 |  3.9
Armour         | 1 |  1.2
Invocations    | 1 |  1.5
Spellcasting   | |  1.0
Fire Magic     | |  2.1

Action                   |  1- 3 |  4- 6 |  7- 9 | 10-12 || total
-------------------------+-------+-------+-------+-------++-------
Melee: Unarmed           |   105 |   154 |   356 |   291 ||   906
       Punch             |     2 |     3 |       |       ||     5
Throw: Boomerang         |       |    68 |    83 |    21 ||   172
       Large rock        |       |       |       |     5 ||     5
Invok: Fiery Armour      |     1 |     2 |     2 |     8 ||    13
       Heroism           |       |       |       |     2 ||     2
  Use: Scroll            |     4 |    13 |     6 |     4 ||    27
       Potion            |       |     1 |     6 |     3 ||    10
Armor: Robe              |    37 |    70 |    56 |    67 ||   230
       Acid dragon scale |       |       |       |     8 ||     8
Dodge: Dodged            |    33 |    52 |    55 |    62 ||   202
Block: Kite shield       |       |    37 |       |       ||    37
       Tower shield      |       |       |   197 |   237 ||   434

Table legend:
 A = Non-vault XP
 B = Vault XP
 C = Vault XP percentage of total XP
 D = Non-vault monster count
 E = Vault monster count
 F = Vault count percentage of total count
                 A         B        C        D         E       F
            +---------+---------+-------+---------+---------+-------
      Total |   12641 |    6231 |  33.0 |     208 |     100 |  32.5
            +---------+---------+-------+---------+---------+-------
        D:1 |      45 |       0 |   0.0 |      29 |       0 |   0.0
        D:2 |      27 |       0 |   0.0 |       9 |       0 |   0.0
        D:3 |     205 |      48 |  19.0 |      26 |      13 |  33.3
        D:4 |     227 |       0 |   0.0 |      19 |       0 |   0.0
        D:5 |     760 |       0 |   0.0 |      26 |       0 |   0.0
        D:6 |    1534 |     641 |  29.5 |      24 |       1 |   4.0
        D:7 |    1681 |     222 |  11.7 |      23 |       2 |   8.0
        D:8 |    1411 |     351 |  19.9 |      18 |       2 |  10.0
        D:9 |    1925 |    4212 |  68.6 |      12 |       9 |  42.9
       D:10 |     611 |     221 |  26.6 |      10 |       2 |  16.7
       D:11 |    1480 |       0 |   0.0 |       3 |       0 |   0.0
    Abyss:1 |    2735 |       0 |   0.0 |       9 |       0 |   0.0
      Sewer |       0 |     194 | 100.0 |       0 |      33 | 100.0
    Ossuary |       0 |     342 | 100.0 |       0 |      38 | 100.0
            +---------+---------+-------+---------+---------+-------
